Map: World of Sleepers LE

Players

Hopt

  • Race: Terran Terran
  • League: Master
  • Spawn Location: 1:00

RemZero - Winner!

  • Race: Zerg Zerg
  • League: Gold
  • Spawn Location: 7:00

VOD

Have the link to the VOD?

Description

Time

  • Played on: March 7, 2020, 4:20 p.m.
  • Length: 23:05
Show
View Real Time Build Order
Export as new Build Order

Hopt Terran 

Build Orders: Reaper Expand 

Get SALT Encoding   

  12  0:00  SCV  
  13  0:13  SCV  
  14  0:17  Supply Depot  
  14  0:25  SCV  
  15  0:38  SCV  
  15  0:40  Barracks  
  16  0:43  Refinery  
  16  0:50  SCV  
  17  1:03  SCV  
  18  1:15  SCV  
  19  1:27  Reaper, Orbital Command  
  20  1:39  Command Center  
  20  1:49  Supply Depot  
  20  1:52  SCV  
  21  1:58  Marine  
  22  2:04  SCV  
  22  2:08  Factory  
  22  2:17  SCV  
  22  2:20  Marine  
  22  2:22  Bunker  
  24  2:29  SCV  
  25  2:30  Refinery  
  25  2:39  Barracks Reactor  
  25  2:41  SCV  
  26  2:52  Orbital Command  
  26  2:53  SCV  
  27  3:02  Starport  
  27  3:03  Factory Tech Lab  
  26  3:05  SCV  
  27  3:14  Marine  
  27  3:15  Marine  
  27  3:17  SCV  
  27  3:18  SCV  
  31  3:24  Siege Tank  
  34  3:28  Supply Depot  
  34  3:29  SCV  
  34  3:30  SCV  
  34  3:33  Marine  
  34  3:34  Marine  
  38  3:39  Viking  
  40  3:41  SCV  
  40  3:42  SCV  
  42  3:54  SCV x2  
  44  4:03  Hellion x2, Stimpack  
  44  4:06  SCV x2  
  50  4:12  Supply Depot  
  50  4:18  SCV x2  
  50  4:19  Command Center  
  52  4:26  Hellion  
  54  4:33  SCV x2  
  54  4:34  Hellion, Supply Depot  
  54  4:35  Starport Tech Lab  
  58  4:41  Marine  
  59  4:45  SCV x2  
  59  4:48  Barracks  
  59  4:51  Barracks  
  61  4:55  Engineering Bay  
  61  4:57  Engineering Bay  
  61  4:59  SCV  
  63  5:00  SCV  
  63  5:04  Starport Reactor  
  63  5:06  Factory Reactor  
  63  5:09  Refinery  
  63  5:10  Refinery  
  63  5:11  Supply Depot  
  63  5:12  SCV x2, Marine  
  64  5:24  SCV  
  64  5:26  SCV  
  64  5:27  Terran Infantry Weapons Level 1, Terran Infantry Armor Level 1  
  66  5:30  Marine  
  66  5:31  Orbital Command  
  67  5:36  SCV  
  67  5:38  SCV  
  69  5:47  Medivac x2  
  69  5:48  SCV  
  74  5:50  SCV  
  74  5:51  Combat Shield, Marine x3  
  74  5:54  Marine x2  
  74  5:55  Siege Tank  
  83  5:58  Missile Turret  
  83  5:59  Missile Turret  
  81  6:04  Orbital Command  
  81  6:05  SCV  
  81  6:06  SCV  
  81  6:07  Supply Depot  
  81  6:08  Marine  
  81  6:09  Marine x2  
  82  6:12  Marine x2  
  82  6:18  SCV  
  84  6:19  SCV  
  84  6:20  Medivac x2  
  85  6:26  Marine  
  85  6:30  SCV x2  
  85  6:31  SCV  
  85  6:32  Marine x2  
  91  6:36  Marine x2  
  89  6:41  Missile Turret  
  89  6:42  SCV x2  
  89  6:43  SCV  
  89  6:44  Siege Tank  
  92  6:52  Marine  
  91  6:54  SCV x2  
  91  6:55  SCV  
  91  6:57  Marine x3  
  91  6:58  Marine  
  91  6:59  Armory  
  97  7:06  SCV x2  
  97  7:07  SCV  
  97  7:08  Barracks x2  
  99  7:15  Supply Depot  
  99  7:16  Supply Depot, Marine x2  
  101  7:25  Marine  
  101  7:26  Refinery, Marine  
  101  7:27  SCV  
  101  7:33  Marine  
  101  7:36  SCV x2, Supply Depot, Medivac x2  
  107  7:37  Supply Depot x2  
  107  7:41  SCV  
  108  7:46  Marine x3  
  108  7:47  Siege Tank  
  108  7:48  SCV x2  
  110  7:53  SCV, Marine  
  110  7:54  Marauder  
  110  7:56  Barracks Reactor  
  110  7:57  Barracks Tech Lab  
  114  8:00  SCV x2  
  114  8:02  Barracks Tech Lab  
  114  8:04  Terran Infantry Armor Level 2, Terran Infantry Weapons Level 2  
  114  8:05  Terran Vehicle Weapons Level 1, Marine x2  
  116  8:09  Medivac  
  120  8:15  Medivac, Marine x3  
  125  8:20  Marine  
  125  8:22  Siege Tank  
  125  8:23  Marine x2  
  131  8:27  Supply Depot  
  131  8:28  Supply Depot  
  131  8:31  Concussive Shells  
  131  8:33  Marine x2  
  131  8:34  Marine x3  
  134  8:38  Marine  
  134  8:41  Marine x2  
  137  8:46  Supply Depot  
  137  8:47  Medivac  
  141  8:48  Medivac  
  141  8:50  Marine  
  141  8:51  Marine  
  145  8:56  Command Center  
  145  8:59  Marine x3  
  145  9:00  Supply Depot x2, Marine x2  
  150  9:03  Marine  
  150  9:04  Siege Tank  
  150  9:08  Marine x2  
  156  9:11  Supply Depot  
  156  9:12  Supply Depot  
  156  9:16  Marine  
  156  9:17  Marine x2  
  149  9:18  Marine x2  
  149  9:21  Marine  
  149  9:23  Supply Depot  
  152  9:26  Marine x2  
  154  9:33  Factory  
  154  9:34  Marine, Barracks  
  154  9:35  Barracks  
  155  9:38  Siege Tank  
  147  9:46  Marine  
  147  9:47  Marine x4  
  147  9:48  Marauder x2  
  147  9:52  Marine  
  148  10:04  Marine x2  
  148  10:05  Marine x3  
  148  10:06  Medivac  
  144  10:07  Medivac  
  144  10:09  Marine x2  
  144  10:10  Marine  
  134  10:22  Marine x3, Factory Tech Lab  
  134  10:23  Marine x2, Barracks Tech Lab  
  134  10:25  SCV  
  134  10:26  SCV x2  
  134  10:27  Marine  
  134  10:28  Barracks Tech Lab  
  141  10:35  Terran Infantry Weapons Level 3, Terran Infantry Armor Level 3  
  141  10:37  Marine  
  141  10:38  Marine  
  143  10:45  Planetary Fortress  
  143  10:47  Marine  
  143  10:48  Missile Turret  
  144  10:50  SCV x2  
  144  10:51  SCV  
  147  10:58  Marine x2  
  147  11:01  Marine x2  
  147  11:02  Marine x2  
  147  11:03  Marine  
  132  11:05  Marine x2  
  132  11:06  Marine  
  132  11:07  Siege Tank  
  114  11:13  Siege Tank  
  114  11:16  Marine x2  
  109  11:18  Marine  
  109  11:19  Medivac, Marine x2  
  109  11:20  Marine  
  109  11:21  Medivac  
  109  11:24  SCV  
  109  11:25  SCV x2  
  120  11:27  Marine x2  
  120  11:30  Marauder, Marine  
  125  11:33  Marine  
  125  11:38  Marauder  
  125  11:39  Siege Tank  
  131  11:42  Refinery  
  131  11:43  Refinery  
  131  11:45  Marauder  
  133  11:48  Marauder  
  133  11:49  Marine x2  
  133  11:50  Marine  
  133  11:51  Marauder, Marine x2  
  133  11:53  Marine  
  136  11:59  Marauder  
  136  12:00  Siege Tank  
  126  12:05  Medivac x2  
  126  12:06  Marauder  
  126  12:07  Marine x3  
  131  12:08  Marine  
  131  12:09  Marine  
  131  12:10  Marauder  
  131  12:11  Marine, Siege Tank  
  131  12:13  Marauder  
  141  12:21  Marauder  
  143  12:25  Marine x2  
  143  12:26  Terran Vehicle Weapons Level 2  
  143  12:28  Marauder  
  147  12:31  Marauder, Marine  
  147  12:33  Command Center  
  147  12:34  Marauder  
  152  12:41  Marine x2  
  152  12:42  Marauder, Marine  
  152  12:43  Marine x2  
  159  12:49  Marauder, Marine, Sensor Tower  
  162  12:52  Marine  
  162  12:55  Marine  
  164  12:59  Marine x3  
  164  13:00  Marine, Siege Tank x2  
  164  13:01  Marine  
  175  13:14  Starport x2  
  175  13:17  Marine x2  
  175  13:18  Medivac x2  
  181  13:20  Marine x6  
  181  13:25  Marine x2  
  189  13:35  Marine x2  
  189  13:37  Marine  
  189  13:38  Marine x5  
  183  13:43  Marine x2  
  179  13:53  Marine x2  
  179  13:55  Widow Mine, Marine x2, Siege Tank  
  186  13:56  Marauder  
  186  13:57  Medivac, Marauder  
  186  14:02  Marine x2  
  192  14:04  Marine x2  
  177  14:11  Marine x2  
  177  14:13  Marine x2  
  154  14:17  Marine x2, Siege Tank  
  154  14:18  Medivac  
  154  14:19  Planetary Fortress  
  154  14:20  Marine x2  
  154  14:23  Starport Reactor x2  
  163  14:26  Marine x2, Fusion Core  
  163  14:29  Marine x2  
  163  14:31  Marine  
  166  14:32  Medivac, Marine  
  166  14:35  Marine x2  
  171  14:39  Siege Tank  
  171  14:44  Marauder  
  171  14:45  Marine x3  
  159  14:47  Marine x2  
  159  14:49  Marine  
  159  14:50  Siege Tank  
  159  14:51  Medivac  
  152  14:56  Marine  
  152  14:57  Marine x2  
  149  15:01  Neosteel Armor  
  149  15:02  Marine  
  149  15:03  Marine x2  
  149  15:04  Terran Vehicle And Ship Armor Level 1, Marine  
  153  15:08  Medivac x2  
  153  15:10  Marine x2  
  153  15:13  Marine  
  159  15:15  Marine x2  
  159  15:16  Medivac  
  159  15:18  Medivac  
  165  15:22  Marauder  
  165  15:24  Marauder, Refinery  
  169  15:30  Marine  
  169  15:31  Marine  
  169  15:32  Marauder  
  169  15:33  Marauder  
  169  15:34  Marine x2  
  177  15:37  Marine  
  177  15:38  Marine  
  177  15:46  Sensor Tower  
  177  15:47  Medivac x3  
  177  15:48  Marine x2  
  185  15:53  Marauder  
  185  15:55  Marauder, Marine x2  
  191  16:00  Marine x2  
  191  16:03  Marine x2  
  195  16:05  Marine  
  195  16:06  Marine, Liberator  
  195  16:14  Command Center  
  195  16:15  Marine x2  
  195  16:17  Marine  
  195  16:18  Marine  
  194  16:31  Armory  
  194  16:32  Fusion Core  
  194  16:34  Marine x2  
  195  16:42  Marine  
  195  16:43  Marine  
  195  16:45  Marine x2  
  187  16:48  Marine x2  
  187  16:52  Liberator x2  
  187  16:53  Marine x2  
  187  16:54  Marine x2  
  191  17:00  Marine  
  191  17:01  Marine  
  179  17:03  Marine x2  
  179  17:05  Liberator  
  179  17:06  Marine x2  
  168  17:10  SCV  
  168  17:11  Marine x3  
  168  17:12  Marine  
  166  17:17  SCV  
  166  17:18  SCV, Marine  
  166  17:19  Marine  
  166  17:21  Marine  
  171  17:24  Marauder  
  173  17:36  Marauder, Sensor Tower  
  175  17:38  Marauder  
  175  17:39  Marauder, Marine  
  180  17:51  Marauder  
  162  17:52  Marine  
  162  17:58  Missile Turret x2  
  163  17:59  Marauder  
  163  18:02  Marauder  
  163  18:04  Planetary Fortress  
  167  18:06  Marauder  
  167  18:12  Missile Turret, Marauder  
  169  18:21  SCV x3  
  169  18:23  Siege Tank x2  
  178  18:39  Liberator x4  
  178  18:40  Marauder  
  192  18:48  Orbital Command  
  192  18:53  Marauder x2  
  192  18:54  Marauder  
  198  19:01  Marauder  
  195  19:15  SCV x2  
  195  19:16  SCV  
  198  19:25  Command Center  
  198  19:35  Ghost Academy  
  198  19:36  Ghost Academy  
  198  19:37  Ghost Academy  
  198  19:38  Command Center  
  198  19:39  Terran Ship Weapons Level 1  
  198  19:40  Ghost Academy  
  198  19:41  Missile Turret  
  198  19:42  Missile Turret  
  195  19:51  Viking  
  183  19:58  Viking x2  
  181  20:04  Marauder  
  181  20:05  Liberator x2  
  175  20:07  Ghost  
  145  20:15  Viking, Marauder  
  120  20:23  Orbital Command  
  120  20:26  Viking  
  120  20:27  Marine  
  120  20:28  Viking  
  124  20:35  Viking  
  126  20:45  Viking  
  126  20:47  Marine x2  
  126  20:48  Marine x2  
  130  20:50  Marine  
  131  20:59  Marine x2  
  131  21:00  Marine x2  
  131  21:01  Marine  
  135  21:05  Viking, Marine  
  138  21:11  Viking  
  138  21:16  Viking  
  140  21:21  Marine  
  133  21:30  Viking  
  133  21:31  Marine x5  
  133  21:32  Marine  
  127  21:42  Marine x2  
  127  21:43  Marine  
  130  21:48  Supply Depot  
  130  21:49  Supply Depot  
  130  21:50  Supply Depot  
  130  21:51  Marine x2  
  130  21:53  Marine  
  129  21:54  Marine x2  
  131  22:03  Supply Depot  
  131  22:04  Supply Depot  
  131  22:07  Marine x3  
  131  22:08  Medivac, Marine x2  
  131  22:09  Marine x2  
  131  22:10  Medivac, Siege Tank  
  132  22:17  Marine x2  
  133  22:23  Marine  
  133  22:25  Marine x3  
  133  22:26  Marine  
  123  22:33  Marine x2  
  123  22:34  Marine  
  123  22:36  Marine  
  113  22:39  Marine  
  113  22:41  Marine  
Show
View Real Time Build Order
Export as new Build Order

RemZero Zerg - Winner!

Build Orders: Pool First, Muta Ling Bane 

Get SALT Encoding   

  12  0:01  Drone  
  13  0:12  Overlord  
  13  0:16  Drone  
  14  0:31  Drone x2  
  14  0:34  Drone  
  17  0:47  Drone  
  17  0:48  Spawning Pool  
  17  0:57  Drone  
  18  1:11  Hatchery  
  18  1:12  Extractor  
  18  1:15  Drone  
  18  1:18  Drone  
  18  1:35  Zergling x2, Queen  
  21  1:41  Roach Warren  
  21  1:44  Drone  
  21  1:50  Drone  
  22  2:00  Overlord  
  22  2:17  Queen  
  24  2:23  Queen  
  24  2:28  Roach x2  
  32  2:30  Roach  
  32  2:33  Drone  
  33  2:37  Drone  
  34  2:49  Overlord  
  34  3:00  Drone x2  
  34  3:04  Lair  
  36  3:07  Drone x3  
  36  3:09  Drone  
  40  3:15  Drone  
  40  3:19  Drone  
  42  3:22  Drone  
  42  3:24  Overlord  
  43  3:27  Extractor  
  43  3:30  Drone  
  43  3:31  Drone  
  44  3:42  Drone  
  44  3:43  Drone x4  
  44  3:44  Drone  
  50  3:53  Drone x3, Extractor  
  52  3:57  Overlord  
  52  4:05  Extractor  
  52  4:08  Drone, Spire  
  52  4:09  Drone  
  52  4:19  Drone  
  52  4:21  Glial Reconstitution  
  52  4:22  Drone x5  
  58  4:30  Drone  
  59  4:34  Spore Crawler  
  59  4:35  Spore Crawler  
  57  4:38  Overlord  
  57  4:43  Overseer  
  57  4:45  Overlord  
  57  5:09  Hatchery  
  57  5:13  Drone  
  57  5:14  Drone  
  58  5:15  Drone  
  58  5:20  Mutalisk x4  
  66  5:22  Overlord  
  66  5:32  Overlord  
  66  5:37  Zerg Flyer Weapons Level 1  
  66  5:40  Mutalisk x2  
  66  5:42  Drone x3  
  73  5:45  Drone  
  73  5:46  Evolution Chamber, Drone  
  73  5:47  Overlord, Evolution Chamber, Drone  
  73  5:48  Drone  
  76  6:04  Drone x5  
  76  6:09  Drone x2  
  82  6:24  Mutalisk x5  
  92  6:32  Overlord  
  92  6:38  Roach x2  
  92  6:39  Overlord  
  96  6:41  Zerg Missile Weapons Level 1  
  96  6:42  Overlord  
  94  6:50  Overlord  
  94  6:53  Zerg Ground Armor Level 1  
  94  6:55  Overlord, Drone x4  
  94  6:57  Extractor  
  94  6:58  Extractor  
  94  6:59  Overlord  
  96  7:03  Roach x2  
  96  7:04  Roach  
  96  7:07  Roach  
  96  7:08  Hatchery  
  103  7:11  Roach x2  
  103  7:13  Queen  
  109  7:18  Drone  
  110  7:26  Hatchery  
  109  7:30  Roach  
  109  7:34  Roach  
  109  7:35  Roach x5  
  121  7:38  Drone x2  
  123  7:44  Baneling Nest  
  123  7:50  Roach  
  123  7:51  Roach x3  
  128  7:56  Drone  
  128  7:57  Drone  
  130  7:59  Drone x2  
  130  8:02  Overlord  
  130  8:03  Roach x2  
  130  8:04  Overlord  
  136  8:12  Roach  
  136  8:24  Burrow  
  136  8:25  Roach  
  138  8:27  Metabolic Boost  
  138  8:29  Drone  
  138  8:30  Centrifical Hooks  
  138  8:31  Corruptor x2  
  138  8:32  Roach  
  145  8:36  Zergling x14, Overlord x2  
  145  8:39  Queen  
  145  8:40  Drone  
  156  8:41  Drone  
  156  8:44  Overlord  
  156  8:48  Ravager x5  
  158  8:49  Ravager  
  158  8:53  Overlord  
  162  9:02  Roach x2  
  166  9:07  Baneling  
  166  9:08  Baneling x11  
  166  9:11  Zergling x2  
  167  9:19  Zergling x2  
  164  9:25  Zerg Ground Armor Level 2  
  164  9:27  Zergling x20, Overlord  
  164  9:29  Zergling x2  
  164  9:30  Zergling x4, Extractor  
  164  9:31  Overlord  
  176  9:35  Zergling x4  
  176  9:37  Zergling x2  
  172  9:48  Zergling x2  
  172  9:49  Zergling x8  
  149  10:08  Zergling x10  
  149  10:12  Zergling x2  
  149  10:13  Zergling x18  
  148  10:23  Zergling x2  
  148  10:24  Zergling x4  
  148  10:26  Drone x3  
  148  10:28  Drone  
  151  10:30  Ravager x6  
  151  10:31  Baneling x6  
  151  10:32  Baneling  
  151  10:33  Baneling x18  
  151  10:34  Ravager  
  151  10:35  Drone x2  
  160  10:40  Corruptor  
  162  10:45  Zergling x4  
  164  10:51  Zergling x2  
  164  10:52  Zergling x2  
  154  11:05  Hatchery  
  154  11:09  Zergling x2  
  122  11:18  Roach  
  122  11:19  Corruptor x2  
  122  11:22  Baneling x8  
  122  11:23  Zergling x16  
  122  11:24  Zergling x6, Zerg Melee Weapons Level 1  
  137  11:26  Zergling x14  
  137  11:30  Drone  
  137  11:31  Infestation Pit  
  144  11:38  Ravager  
  144  11:39  Roach x2  
  149  11:41  Zerg Missile Weapons Level 2  
  149  11:42  Zergling x2  
  131  11:56  Roach  
  131  12:01  Roach  
  121  12:03  Roach x3, Corruptor x2  
  122  12:09  Zergling x10  
  122  12:13  Zergling x14  
  122  12:14  Ravager  
  122  12:15  Ravager x2  
  134  12:16  Baneling x2  
  134  12:18  Ravager  
  134  12:20  Drone x2  
  134  12:21  Drone  
  138  12:23  Zergling x2  
  138  12:27  Zergling x2  
  138  12:28  Zergling x12  
  146  12:30  Zergling x2  
  146  12:31  Hive  
  146  12:32  Zergling x2  
  146  12:34  Zergling x2  
  149  12:39  Baneling x2  
  149  12:44  Hatchery  
  148  12:46  Zergling x10  
  148  12:48  Baneling x10  
  148  12:49  Corruptor x2, Baneling x11  
  157  12:51  Zergling x2  
  157  12:52  Zergling x4  
  157  12:57  Zergling x12  
  166  13:00  Overlord  
  166  13:02  Pneumatized Carapace  
  166  13:04  Zergling x2, Drone x2  
  169  13:07  Spine Crawler  
  169  13:08  Drone x2  
  170  13:14  Drone x2  
  170  13:16  Zergling x6  
  170  13:19  Zergling x6  
  173  13:43  Zergling x2  
  173  13:44  Zergling x14  
  173  13:46  Zerg Ground Armor Level 3  
  173  13:48  Ultralisk Cavern  
  180  13:49  Zergling x2  
  180  13:50  Adrenal Glands  
  180  13:53  Baneling x15  
  180  13:54  Zergling x2  
  177  14:00  Baneling x3  
  171  14:09  Zergling x2  
  152  14:11  Zergling x2  
  152  14:15  Baneling  
  152  14:16  Zergling x18  
  152  14:17  Zergling x8  
  153  14:20  Baneling  
  153  14:21  Baneling  
  153  14:22  Baneling x13  
  153  14:23  Zergling x24  
  165  14:24  Zergling x2  
  165  14:25  Drone x2  
  165  14:27  Extractor x2  
  162  14:32  Zergling x2  
  162  14:36  Zergling x16  
  162  14:37  Zergling x2  
  162  14:49  Zergling x2  
  162  14:51  Zergling x16  
  153  14:52  Baneling  
  153  14:53  Baneling x11  
  153  14:55  Zerg Melee Weapons Level 2  
  148  15:01  Drone  
  148  15:02  Zergling x2  
  150  15:10  Chitinous Plating  
  150  15:12  Ultralisk  
  155  15:16  Ultralisk  
  155  15:18  Viper, Baneling  
  155  15:19  Baneling x2  
  164  15:23  Baneling  
  164  15:24  Baneling x6  
  164  15:25  Zergling x10  
  164  15:26  Zergling x4  
  171  15:32  Zergling x2  
  169  15:36  Zergling x10  
  173  15:43  Drone  
  173  15:46  Zergling x2  
  175  15:52  Ultralisk x2  
  185  16:06  Zergling x8  
  189  16:15  Zergling x6  
  189  16:16  Ultralisk  
  189  16:18  Greater Spire  
  198  16:19  Zergling x2  
  199  16:29  Anabolic Synthesis  
  190  16:47  Zergling x10  
  190  16:51  Zergling x2  
  190  16:52  Zergling x10  
  171  17:03  Zergling x2  
  171  17:04  Zergling x12  
  166  17:14  Zergling x16  
  157  17:20  Zergling x2  
  157  17:21  Zergling x4  
  156  17:22  Zergling x2  
  156  17:23  Zergling x2  
  156  17:26  Corruptor  
  159  17:31  Corruptor  
  161  17:56  Hatchery  
  160  17:58  Baneling x5  
  160  17:59  Baneling x13  
  160  18:00  Corruptor x3  
  166  18:06  Baneling x7  
  166  18:07  Hatchery  
  166  18:11  Zerg Melee Weapons Level 3  
  165  18:29  Brood Lord  
  165  18:30  Brood Lord x7  
  165  18:33  Hatchery  
  180  18:38  Zergling x4  
  182  18:46  Zergling x14  
  189  18:49  Zergling x2  
  189  18:50  Zergling x8  
  189  19:08  Corruptor  
  189  19:09  Corruptor x2  
  190  19:18  Corruptor x2  
  190  19:19  Zergling x8  
  190  19:20  Zergling x2  
  190  19:23  Zergling x2  
  200  19:28  Spore Crawler  
  195  19:33  Zergling x2  
  195  19:43  Drone x2  
  195  19:44  Drone x3  
  200  19:47  Drone  
  178  20:14  Zergling x18  
  146  20:15  Zergling x2  
  146  20:16  Corruptor  
  146  20:29  Zergling x2  
  146  20:30  Zergling x20  
  157  20:40  Zergling x2  
  157  20:41  Overseer x2  
  157  20:42  Zergling x4  
  160  20:43  Zergling x2  
  160  20:45  Zergling x6  
  160  20:46  Zergling x6, Queen  
  160  20:47  Queen x5  
  179  20:50  Zergling x2  
  177  21:00  Zergling x14  
  184  21:05  Zergling x4  
  184  21:07  Baneling x9  
  184  21:14  Baneling  
  184  21:15  Zergling x6, Ultralisk, Baneling x5  
  184  21:16  Zergling x10  
  190  21:22  Queen  
  190  21:24  Zergling x2, Corruptor x2  
  190  21:25  Corruptor x2  
  183  21:26  Zergling x2  
  169  21:36  Zergling x10  
  169  21:39  Corruptor  
  167  21:42  Zergling x4  
  160  21:47  Roach x2  
  161  21:58  Zergling x10  
  163  22:02  Baneling  
  163  22:03  Baneling x10  
  163  22:06  Zergling x8  
  163  22:26  Zergling x2  
  163  22:27  Zergling x16  
Tags
 
Add a new tag
Caveats
  • Supply blocks, unpowered buildings, or Contaminate may cause inaccurate times.
  • Supply counts are checked every 10 seconds.